 Dungeon Crawl Stone Soup version 0.22.1 (webtiles) character file.

27 PaladinM the Slasher (level 3, -2/27 HPs)
             Began as a Human Warper on Sept 17, 2018.
             Slain by a gnoll
             ... wielding a +0 club
              (8 damage)
             ... on level 1 of the Dungeon.
             The game lasted 00:02:34 (1029 turns).

PaladinM the Slasher (Human Warper)                 Turns: 1029, Time: 00:02:35

Health: -2/27      AC:  3    Str: 11    XL:     3   Next: 25%
Magic:  4/6        EV: 12    Int: 13    God:
Gold:   0          SH:  0    Dex: 13    Spells: 4/6 levels left

rFire    . . .     SeeInvis .   j - +2 short sword (holy)
rCold    . . .     Gourm    .   (no shield)
rNeg     . . .     Faith    .   b - +0 leather armour
rPois    .         Spirit   .   (no helmet)
rElec    .         Reflect  .   (no cloak)
rCorr    .         Harm     .   (no gloves)
MR       .....                  (no boots)
Stlth    +.........             (no amulet)
HPRegen  0.09/turn              (no ring)
MPRegen  0.10/turn              (no ring)

@: no status effects
A: no striking features
a: no special abilities


You were on level 1 of the Dungeon.
You were hungry.

You visited 1 branch of the dungeon, and saw 2 of its levels.

Inventory:

Hand Weapons
 a - a +0 falchion
 j - a +2 short sword of holy wrath (weapon)
Missiles
 e - 5 tomahawks of dispersal (quivered)
Armour
 b - a +0 leather armour (worn)
Scrolls
 c - 2 scrolls of identify {unknown}
 d - a scroll of blinking
 g - a scroll of teleportation {unknown}
 i - a scroll of enchant weapon {unknown}
 k - a scroll of remove curse {unknown}
 m - a scroll of fear {unknown}
Potions
 h - a potion of flight {unknown}
 l - 2 potions of curing {unknown}
Comestibles
 f - 2 rations


   Skills:
 - Level 2.0 Fighting
 * Level 3.5 Long Blades
 - Level 1.0 Throwing
 - Level 1.0 Armour
 - Level 2.0 Dodging
 - Level 2.0 Spellcasting
 - Level 3.0 Translocations


You had 4 spell levels left.
You knew the following spells:

 Your Spells              Type           Power        Failure   Level  Hunger
a - Shroud of Golubria    Chrm/Tloc      #.........   26%         2    ###....

Your spell library contained the following spells:

 Spells                   Type           Power        Failure   Level  Hunger
 Blink                    Tloc           N/A          14%         2    ###....
 Gell's Gravitas          Tloc           #.........   28%         3    ####...
 Lesser Beckoning         Tloc           #.........   28%         3    ####...
 Teleport Other           Tloc           #.......     28%         3    ####...
 Passage of Golubria      Tloc           N/A          67%         4    #####..


Dungeon Overview and Level Annotations

Branches:
Dungeon (2/15)

Altars:


Message History

Casting: Shroud of Golubria (safe; 26% risk of failure)
Confirm with . or Enter, or press ? or * to list all spells.
Space distorts slightly along a thin shroud covering your body.
You are feeling hungry.
The gnoll closely misses you.
You closely miss the gnoll. The gnoll closely misses you.
You hit the gnoll.
The gnoll is moderately wounded.
The gnoll misses you.
You barely miss the gnoll.
The gnoll is moderately wounded.
You hit the gnoll.
The gnoll is heavily wounded.
The gnoll hits you with a club!
* * * LOW HITPOINT WARNING * * *
Your shroud falls apart!
You hit the gnoll but do no damage.
The gnoll is heavily wounded.
The gnoll hits you with a club!
You die...

#..§###§.§###≈§§###≈§§###≈.#####.
#..≈≈≈§§.≈≈§≈≈.≈≈≈§≈.≈≈≈§≈.# #.
......§§...§.....§.....§§..# #.
#..§≈≈≈≈.§≈≈≈≈.≈≈≈≈≈.≈§§§≈.# #.
#..≈###≈.≈###≈.≈###≈.§###§§# #.
#..≈# #≈.≈# #≈.≈# #§.§# #§.# #.
...≈###≈.≈###≈§≈###≈.≈###≈.# #.
)..§≈≈≈≈.§≈§≈≈§§§≈§≈.≈≈≈§≈.# #.
(#§.......§...§.@gg§....§..#####.
.#§≈§≈≈≈.≈§§§≈.≈≈≈≈§§§≈≈§≈....##.
.#§≈###≈.≈###≈.≈###≈§§###≈.##.##.
.#.§# #≈.≈# #≈.≈# #≈§§# #≈.##.##.
.#.§###≈.≈###§.≈###≈.≈###≈.##.###
.§.≈§§≈≈[§§§≈≈.≈§≈≈≈.§≈≈≈≈.##.###
#....§...§§.§.........§..........
#..≈≈§≈≈.≈§§§≈.≈≈≈≈≈.≈≈≈≈≈..#.###
##.≈###≈.≈###≈.≈###≈.≈###≈.##...#


You could see a gnoll and a goblin.

Vanquished Creatures
  A worm (D:1)
  A dart slug (D:1)
  4 bats
  5 goblins
  6 hobgoblins
  A ball python (D:1)
  2 kobolds (D:1)
  A rat (D:2)
21 creatures vanquished.

Notes
Turn   | Place    | Note
-------+----------+-------------------------------------------
     0 | D:1      | PaladinM the Human Warper began the quest for the Orb.
     0 | D:1      | Reached XP level 1. HP: 16/16 MP: 3/3
   117 | D:1      | Reached XP level 2. HP: 17/22 MP: 5/5
   136 | D:1      | Learned a level 2 spell: Shroud of Golubria
   563 | D:1      | Reached XP level 3. HP: 21/27 MP: 6/6
  1029 | D:1      | Slain by a gnoll

Skill      XL: |  1  2 |
---------------+-------+-----
Long Blades    | 3 |  3.5
Fighting       | |  2.0
Throwing       | |  1.0
Armour         | |  1.0
Dodging        | |  2.0
Spellcasting   | |  2.0
Translocations | |  3.0

Action                   || total
-------------------------++-------
Melee: Falchion          ||    33
       Short sword       ||    43
 Cast: Shroud of Golubri ||     2
Armor: Leather armour    ||    23
Dodge: Dodged            ||    58
       Rpst.: Falchion   ||     4
